SR
MOOSE JAW CANUCKS @ GERMANTOWN URUGUAYANS
07/28/2033
 
TOP OF THE 1ST
Moose Jaw Canucks batting - Pitching for Germantown Uruguayans : LHP Robert Karabanov
Pitching: LHP Robert Karabanov
Batting: RHB António Valentín 0-0: Ball
1-0: Ball
2-0: Ball
3-0: Base on Balls
Batting: RHB Yaakov Shmerkin 0-0: Called Strike
0-1: Called Strike
0-2: Ball
1-2: Strikes out swinging
Batting: LHB John Castro 0-0: Ball
1-0: Called Strike
1-1: Swinging Strike
1-2: Strikes out looking
Batting: RHB Qi-chao Di 0-0: Ball
1-0: Ball
2-0: Fly out, F3 (Popup, 3SF)
Top of the 1st over - 0 runs, 0 hits, 0 errors, 1 left on base; Moose Jaw 0 - Germantown 0
BOTTOM OF THE 1ST
Germantown Uruguayans batting - Pitching for Moose Jaw Canucks : RHP Gi-hyuk Tang
Pitching: RHP Gi-hyuk Tang
Batting: RHB Kian Curling 0-0: Ball
1-0: Called Strike
1-1: Called Strike
1-2: Ground out 5-3 (Groundball, 56)
Batting: RHB Joshua Neal 0-0: Ball
1-0: Ball
2-0: Foul Ball, location: 2F
2-1: SINGLE (Line Drive, 6MD)
Batting: RHB Alain Grosjean 0-0: Ball
1-0: Ball
Wild Pitch!
Joshua Neal to second
2-0: Fly out, F8 (Flyball, 8LM)
Batting: RHB Meester Gobbles-Rooster 0-0: Foul Ball, location: 2F
0-1: Ball
1-1: Ground out 6-3 (Groundball, 6S)
Bottom of the 1st over - 0 runs, 1 hit, 0 errors, 1 left on base; Moose Jaw 0 - Germantown 0
TOP OF THE 2ND
Moose Jaw Canucks batting - Pitching for Germantown Uruguayans : LHP Robert Karabanov
Batting: RHB Cord Hosenbeck 0-0: Ball
1-0: SINGLE (Line Drive, 9LS)
Batting: RHB Tim O'Brian 0-0: Grounds into double play, 6-4-3 (Groundball, 6)
Batting: SHB Ricardo Serna 0-0: Ball
1-0: Fly out, F4 (Popup, 4MD)
Top of the 2nd over - 0 runs, 1 hit, 0 errors, 0 left on base; Moose Jaw 0 - Germantown 0
BOTTOM OF THE 2ND
Germantown Uruguayans batting - Pitching for Moose Jaw Canucks : RHP Gi-hyuk Tang
Batting: LHB Felipe Dávila 0-0: Called Strike
0-1: Ball
1-1: Called Strike
1-2: Ball
2-2: Fly out, F9 (Flyball, 89M)
Batting: LHB Rafael Barrueco 0-0: Fly out, F8 (Flyball, 78D)
Batting: RHB Sasha Orlovsky 0-0: Called Strike
0-1: Ground out 6-3 (Groundball, 6)
Bottom of the 2nd over - 0 runs, 0 hits, 0 errors, 0 left on base; Moose Jaw 0 - Germantown 0
TOP OF THE 3RD
Moose Jaw Canucks batting - Pitching for Germantown Uruguayans : LHP Robert Karabanov
Batting: RHB Bernardo Rodríguez 0-0: Called Strike
0-1: Foul Ball, location: 2F
0-2: Ball
1-2: Ground out 3-1 (Groundball, 34S)
Batting: RHB Gary Bruce 0-0: Ground out 4-3 (Groundball, 4)
Batting: RHB António Valentín 0-0: SINGLE (Groundball, 56D)
Batting: RHB Yaakov Shmerkin 0-0: Swinging Strike
0-1: Ball
1-1: Ball
2-1: Foul Ball, location: 2F
2-2: Strikes out swinging
Top of the 3rd over - 0 runs, 1 hit, 0 errors, 1 left on base; Moose Jaw 0 - Germantown 0
BOTTOM OF THE 3RD
Germantown Uruguayans batting - Pitching for Moose Jaw Canucks : RHP Gi-hyuk Tang
Batting: SHB Ramón Muńóz 0-0: Called Strike
0-1: Ball
1-1: Ball
2-1: Ball
3-1: Foul Ball, location: 2F
3-2: Ground out 4-3 (Groundball, 34D)
Batting: LHB Allan Colston 0-0: Called Strike
0-1: Ball
1-1: Called Strike
1-2: Ball
2-2: Strikes out swinging
Batting: RHB Kian Curling 0-0: Foul Ball, location: 2F
0-1: SINGLE (Line Drive, 8RS)
Batting: RHB Joshua Neal 0-0: Ball
1-0: Ball
2-0: Called Strike
2-1: Called Strike
2-2: SINGLE (Groundball, 6MD)
Kian Curling to second
Runner from 2nd tries for 3rd, SAFE, throw made to third
Batting: RHB Alain Grosjean 0-0: Ball
1-0: Ball
2-0: Ground out 5-3 (Groundball, 5S)
Bottom of the 3rd over - 0 runs, 2 hits, 0 errors, 2 left on base; Moose Jaw 0 - Germantown 0
TOP OF THE 4TH
Moose Jaw Canucks batting - Pitching for Germantown Uruguayans : LHP Robert Karabanov
Batting: LHB John Castro 0-0: Ball
1-0: Called Strike
1-1: Foul Ball, location: 2F
1-2: Ball
2-2: Ground out 6-3 (Groundball, 6)
Batting: RHB Qi-chao Di 0-0: Ball
1-0: Ball
2-0: Called Strike
2-1: Foul Ball, location: 2F
2-2: SINGLE (Groundball, 5S) (infield hit)
Batting: RHB Cord Hosenbeck 0-0: Called Strike
0-1: Foul Ball, location: 2F
0-2: Strikes out swinging
Batting: RHB Tim O'Brian 0-0: Ball
1-0: Foul Ball, location: 2F
1-1: Ball
2-1: Foul Ball, location: 2F
2-2: Strikes out swinging
Top of the 4th over - 0 runs, 1 hit, 0 errors, 1 left on base; Moose Jaw 0 - Germantown 0
BOTTOM OF THE 4TH
Germantown Uruguayans batting - Pitching for Moose Jaw Canucks : RHP Gi-hyuk Tang
Batting: RHB Meester Gobbles-Rooster 0-0: Called Strike
0-1: Ball
1-1: Ball
2-1: Ball
3-1: Base on Balls
Batting: LHB Felipe Dávila 0-0: Grounds into double play, 5-4-3 (Groundball, 56)
Batting: LHB Rafael Barrueco 0-0: Foul Ball, location: 2F
0-1: Ground out 4-3 (Groundball, 4)
Bottom of the 4th over - 0 runs, 0 hits, 0 errors, 0 left on base; Moose Jaw 0 - Germantown 0
TOP OF THE 5TH
Moose Jaw Canucks batting - Pitching for Germantown Uruguayans : LHP Robert Karabanov
Batting: SHB Ricardo Serna 0-0: Called Strike
0-1: Ball
1-1: Ball
2-1: Ball
3-1: SINGLE (Line Drive, 89M)
Batting: RHB Bernardo Rodríguez 0-0: Foul Ball, location: 2F
0-1: Ball
1-1: SINGLE (Line Drive, 6MD)
Ricardo Serna to second
Batting: RHB Gary Bruce 0-0: Ball
1-0: Bunted foul
1-1: Ball
2-1: Sac Bunt - play at first, batter OUT! 1-4
Ricardo Serna to third
Bernardo Rodríguez to second
Batting: RHB António Valentín 0-0: Ball
1-0: Ground out 4-3 (Groundball, 34)
Batting: RHB Yaakov Shmerkin 0-0: Ball
1-0: Swinging Strike
1-1: Ball
2-1: Ball
3-1: Base on Balls
Batting: LHB John Castro 0-0: Ball
1-0: Ground out 4-3 (Groundball, 4)
Top of the 5th over - 0 runs, 2 hits, 0 errors, 3 left on base; Moose Jaw 0 - Germantown 0
BOTTOM OF THE 5TH
Germantown Uruguayans batting - Pitching for Moose Jaw Canucks : RHP Gi-hyuk Tang
Batting: RHB Sasha Orlovsky 0-0: Ball
1-0: Swinging Strike
1-1: Ball
2-1: Bunt for hit - play at first, batter OUT! 3-4
Batting: SHB Ramón Muńóz 0-0: Ball
1-0: Ground out U3 (Groundball, 3)
Batting: LHB Allan Colston 0-0: Ball
1-0: Fly out, F8 (Flyball, 8RM)
Bottom of the 5th over - 0 runs, 0 hits, 0 errors, 0 left on base; Moose Jaw 0 - Germantown 0
TOP OF THE 6TH
Moose Jaw Canucks batting - Pitching for Germantown Uruguayans : LHP Robert Karabanov
Batting: RHB Qi-chao Di 0-0: Ball
1-0: Ball
2-0: Foul Ball, location: 2F
2-1: Fly out, F4 (Popup, 4MD)
Batting: RHB Cord Hosenbeck 0-0: Foul Ball, location: 2F
0-1: Ball
1-1: Called Strike
1-2: Strikes out swinging
Batting: RHB Tim O'Brian 0-0: Foul Ball, location: 2F
0-1: Ball
1-1: Ball
2-1: Swinging Strike
2-2: Fly out, F7 (Line Drive, 7)
Top of the 6th over - 0 runs, 0 hits, 0 errors, 0 left on base; Moose Jaw 0 - Germantown 0
BOTTOM OF THE 6TH
Germantown Uruguayans batting - Pitching for Moose Jaw Canucks : RHP Gi-hyuk Tang
Batting: RHB Kian Curling 0-0: Ball
1-0: Ball
2-0: Foul Ball, location: 2F
2-1: Ground out 5-3 (Groundball, 56S)
Batting: RHB Joshua Neal 0-0: Swinging Strike
0-1: Ball
1-1: Foul Ball, location: 2F
1-2: Fly out, F8 (Flyball, 78D)
Batting: RHB Alain Grosjean 0-0: Ball
1-0: Called Strike
1-1: Ground out 6-3 (Groundball, 6)
Bottom of the 6th over - 0 runs, 0 hits, 0 errors, 0 left on base; Moose Jaw 0 - Germantown 0
TOP OF THE 7TH
Moose Jaw Canucks batting - Pitching for Germantown Uruguayans : LHP Robert Karabanov
Batting: SHB Ricardo Serna 0-0: Ground out U3 (Groundball, 34)
Pinch Hitting: RHB An-te-hai Qing 0-0: Ball
1-0: Foul Ball, location: 2F
1-1: SINGLE (Groundball, 56D)
Batting: RHB Gary Bruce 0-0: Ball
1-0: Grounds into double play, 4-6-3 (Groundball, 4)
Top of the 7th over - 0 runs, 1 hit, 0 errors, 0 left on base; Moose Jaw 0 - Germantown 0
BOTTOM OF THE 7TH
Germantown Uruguayans batting - Pitching for Moose Jaw Canucks : RHP Gi-hyuk Tang
Now at SS: An-te-hai Qing
Batting: RHB Meester Gobbles-Rooster 0-0: Ball
1-0: Ball
2-0: Fly out, F7 (Flyball, 7LSF)
Batting: LHB Felipe Dávila 0-0: Ball
1-0: Foul Ball, location: 2F
1-1: Swinging Strike
1-2: Ball
2-2: Foul Ball, location: 2F
2-2: Strikes out looking
Batting: LHB Rafael Barrueco 0-0: Ball
1-0: Ball
2-0: Ground out U3 (Groundball, 34)
Bottom of the 7th over - 0 runs, 0 hits, 0 errors, 0 left on base; Moose Jaw 0 - Germantown 0
TOP OF THE 8TH
Moose Jaw Canucks batting - Pitching for Germantown Uruguayans : LHP Robert Karabanov
Batting: RHB António Valentín 0-0: Foul Ball, location: 2F
0-1: Swinging Strike
0-2: Strikes out swinging
Batting: RHB Yaakov Shmerkin 0-0: Called Strike
0-1: Ball
1-1: Foul Ball, location: 2F
1-2: Foul Ball, location: 2F
1-2: Strikes out swinging
Batting: LHB John Castro 0-0: Foul Ball, location: 2F
0-1: Called Strike
0-2: Ball
1-2: Strikes out swinging
Top of the 8th over - 0 runs, 0 hits, 0 errors, 0 left on base; Moose Jaw 0 - Germantown 0
BOTTOM OF THE 8TH
Germantown Uruguayans batting - Pitching for Moose Jaw Canucks : RHP Gi-hyuk Tang
Pinch Hitting: RHB Scipione Borghese 0-0: Ball
1-0: Called Strike
1-1: Ball
2-1: Swinging Strike
2-2: Strikes out swinging
Batting: SHB Ramón Muńóz 0-0: Called Strike
0-1: Called Strike
0-2: Ball
1-2: Ball
2-2: Fly out, F6 (Popup, 6)
Batting: LHB Allan Colston 0-0: Ball
1-0: Foul Ball, location: 2F
1-1: Ground out 4-3 (Groundball, 4)
Bottom of the 8th over - 0 runs, 0 hits, 0 errors, 0 left on base; Moose Jaw 0 - Germantown 0
TOP OF THE 9TH
Moose Jaw Canucks batting - Pitching for Germantown Uruguayans : LHP Robert Karabanov
Now in LF: Scipione Borghese
Batting: RHB Qi-chao Di 0-0: Ground out 6-3 (Groundball, 6)
Batting: RHB Cord Hosenbeck 0-0: Ball
1-0: Foul Ball, location: 2F
1-1: Called Strike
1-2: Ground out 4-3 (Groundball, 4)
Batting: RHB Tim O'Brian 0-0: Ball
1-0: Ground out 6-3 (Groundball, 6)
Top of the 9th over - 0 runs, 0 hits, 0 errors, 0 left on base; Moose Jaw 0 - Germantown 0
BOTTOM OF THE 9TH
Germantown Uruguayans batting - Pitching for Moose Jaw Canucks : RHP Gi-hyuk Tang
Batting: RHB Kian Curling 0-0: Called Strike
0-1: Ball
1-1: Ground out 5-3 (Groundball, 56)
Batting: RHB Joshua Neal 0-0: Called Strike
0-1: Ball
1-1: Foul Ball, location: 2F
1-2: Ball
2-2: Strikes out looking
Batting: RHB Alain Grosjean 0-0: Ball
1-0: SINGLE (Groundball, 56D)
Batting: RHB Meester Gobbles-Rooster 0-0: DOUBLE (Line Drive, 7LM)
Alain Grosjean to third
Batting: LHB Felipe Dávila 0-0: Called Strike
0-1: SINGLE (Groundball, 34D)
Alain Grosjean scores
Saturday, December 22nd, 2018 - OOTP Baseball 18.8 Build 76